Map: Orbital Shipyard

Players

FinalBoss - Winner!

  • Race: Terran Terran

Solipsis

  • Race: Terran Terran
  • League: Silver

VOD

Have the link to the VOD?

Description

Time

  • Played on: Dec. 4, 2015, 2:18 a.m.
  • Length: 11:13
Show
View Real Time Build Order
Export as new Build Order

FinalBoss Terran - Winner!

Build Orders: Bio Tank 

Get SALT Encoding   

  12  0:00  SCV  
  13  0:13  SCV  
  14  0:18  Supply Depot  
  14  0:25  SCV  
  15  0:41  Barracks  
  15  0:44  SCV  
  15  0:46  Refinery  
  16  0:56  SCV  
  17  1:16  SCV  
  18  1:28  Orbital Command  
  18  1:29  Supply Depot, Marine  
  19  1:47  Marine  
  19  1:54  SCV  
  21  1:57  Command Center  
  21  2:13  Factory, Marine  
  22  2:16  SCV  
  23  2:23  Refinery  
  23  2:28  Engineering Bay  
  23  2:29  SCV  
  24  2:33  Marine  
  25  2:41  SCV  
  26  2:51  Marine  
  26  2:57  Missile Turret  
  27  3:02  SCV  
  27  3:04  Factory Tech Lab  
  28  3:09  Marine  
  29  3:15  Missile Turret  
  29  3:16  Supply Depot  
  29  3:26  Supply Depot  
  29  3:27  Marine  
  29  3:28  Siege Tank  
  29  3:30  SCV  
  34  3:36  Orbital Command  
  34  3:45  Marine  
  35  3:50  SCV  
  36  3:58  Starport  
  36  4:01  Siege Tank  
  39  4:14  SCV x2  
  42  4:24  Liberator  
  42  4:28  Barracks  
  42  4:29  Barracks Tech Lab  
  41  4:33  Siege Tank  
  44  4:43  SCV x2  
  49  4:58  Marine  
  50  5:02  SCV x2  
  52  5:14  Marine  
  52  5:16  Marine  
  52  5:21  Siege Tank  
  57  5:24  Stimpack  
  57  5:31  Refinery  
  57  5:32  Marine  
  57  5:33  Refinery  
  58  5:38  Missile Turret  
  50  5:59  Marine x2  
  52  6:16  Marine x2  
  52  6:17  Siege Tank, Starport Reactor  
  48  6:34  Marine  
  48  6:36  Barracks Reactor  
  49  6:43  Barracks  
  49  6:45  Factory, Barracks  
  49  6:50  Siege Tank  
  46  7:02  Command Center  
  46  7:06  SCV x2  
  46  7:08  Medivac x2  
  50  7:09  Marine  
  53  7:22  SCV  
  54  7:23  SCV  
  54  7:25  Combat Shields  
  55  7:35  Marine  
  55  7:36  Marine x3  
  59  7:37  Siege Tank  
  62  8:04  Supply Depot  
  62  8:07  Supply Depot x2, Barracks Reactor  
  62  8:08  Barracks Reactor  
  62  8:14  SCV x2, Medivac x2, Marine x2  
  70  8:26  SCV  
  70  8:40  Marine x2  
  72  8:42  Siege Tank  
  72  8:43  Factory Tech Lab  
  72  8:44  SCV  
  72  8:45  SCV, Orbital Command  
  72  8:48  Refinery x2  
  77  8:56  SCV  
  77  8:58  Marine  
  75  9:15  Marine x5  
  80  9:17  Siege Tank x2  
  80  9:18  Medivac x2  
  90  9:50  SCV x3  
  90  9:51  Marine x3  
  90  9:52  Marine  
  97  10:00  Armory, Engineering Bay  
  97  10:01  Siege Tank  
  100  10:41  Supply Depot  
  100  10:42  Supply Depot x2  
  100  10:43  Supply Depot x2  
Show
View Real Time Build Order
Export as new Build Order

Solipsis Terran 

Build Orders:  

Get SALT Encoding   

  12  0:01  SCV  
  13  0:13  SCV  
  14  0:21  Supply Depot  
  14  0:25  SCV  
  15  0:43  SCV  
  15  0:47  Barracks  
  16  0:55  SCV  
  17  0:58  Supply Depot, Refinery  
  17  1:07  SCV  
  18  1:37  Command Center  
  18  1:50  Bunker  
  18  1:57  SCV  
  18  1:58  Marine  
  18  2:00  Supply Depot  
  19  2:13  SCV  
  20  2:15  Marine  
  20  2:19  Refinery  
  21  2:25  SCV  
  22  2:48  Barracks  
  22  2:50  Factory  
  22  2:53  Barracks Reactor  
  22  2:59  SCV  
  22  3:02  Orbital Command  
  23  3:11  SCV  
  24  3:16  Supply Depot  
  24  3:30  Marine x2  
  26  3:36  Barracks Tech Lab, Factory Reactor  
  26  3:41  Orbital Command  
  26  3:44  SCV  
  27  3:52  Marine x2  
  29  3:56  SCV  
  30  4:06  Marauder  
  30  4:08  SCV  
  30  4:09  SCV  
  34  4:20  Widow Mine x2  
  34  4:21  SCV  
  34  4:22  Marine x2  
  41  4:28  Stimpack, Marauder  
  43  4:50  Engineering Bay x2  
  43  4:51  Starport  
  43  5:01  Widow Mine x2  
  43  5:02  Marine x2  
  43  5:03  Marauder  
  51  5:18  SCV x2  
  51  5:20  Armory  
  53  5:24  Refinery  
  53  5:25  Marauder  
  55  5:28  Marine  
  55  5:29  Marine  
  49  5:50  Medivac  
  50  6:00  Marine  
  50  6:01  Hellion  
  50  6:02  Hellion  
  44  7:00  Barracks Reactor  
  44  7:13  Supply Depot, Starport Reactor  
  44  7:14  Supply Depot  
  44  7:15  Supply Depot  
  44  7:30  Widow Mine x2  
  44  7:35  Marauder  
  40  7:41  Marine x2  
  42  7:49  SCV x2, Barracks  
  42  7:50  Barracks  
  45  7:59  Medivac x2, Marine x2  
  45  8:01  SCV  
  45  8:02  SCV  
  53  8:16  Supply Depot  
  53  8:18  Supply Depot  
  53  8:19  Supply Depot  
  48  8:40  Marine x4  
  54  8:46  Supply Depot  
  54  8:50  Supply Depot  
  54  8:51  Supply Depot  
  50  8:58  Marine x2  
  47  9:09  Marine x2  
  39  9:27  Marine  
  13  10:05  Orbital Command  
Tags
 
Composition
Bio Tank
League
Silver
Matchup
TvT
Race
Terran
Add a new tag
Caveats
  • Supply blocks, unpowered buildings, or Contaminate may cause inaccurate times.
  • Supply counts are checked every 10 seconds.